 Dungeon Crawl Stone Soup version 0.27-a0-1324-ge0d8e047f6 (webtiles) character file.

Game seed: 5799134433907393599

61 Alarak the Ducker (level 4, -3/41 HPs)
             Began as a Gnoll Monk on June 24, 2021.
             Was a Priest of Dithmenos.
             Slain by a kobold (4 damage)
             ... on level 3 of the Dungeon.
             The game lasted 00:02:15 (1840 turns).

Alarak the Ducker (Gnoll Monk)                      Turns: 1840, Time: 00:02:16

Health: -3/41      AC:  3    Str: 11    XL:     4   Next: 7%
Magic:  5/5        EV: 15    Int: 10    God:    Dithmenos [***...]
Gold:   104        SH:  0    Dex: 14    Spells: 5/5 levels left

rFire    . . .     SeeInvis .   a - +0 falchion
rCold    . . .     Faith    .   (no shield)
rNeg     . . .     Spirit   .   b - +0 robe
rPois    .         Reflect  .   f - +0 helmet
rElec    .         Harm     .   e - scarf {repulsion}
rCorr    .         Rampage  .   (no gloves)
Will     .....                  (no boots)
Stlth    +++.......             (no amulet)
HPRegen  0.13/turn              (no ring)
MPRegen  0.09/turn              (no ring)

@: wreathed by umbra, repel missiles
A: fangs 1, strong nose, distributed training
a: Renounce Religion, Shadow Step


You were on level 3 of the Dungeon.
You worshipped Dithmenos.
Dithmenos was most pleased with you.
You visited 1 branch of the dungeon, and saw 3 of its levels.

You collected 104 gold pieces.

Inventory:

Hand Weapons
 a - a +0 falchion (weapon)
Armour
 b - a +0 robe (worn)
 e - a scarf of repulsion (worn)
 f - a +0 helmet (worn)
Jewellery
 c - a ring of protection from cold
 m - an amulet of the acrobat
Scrolls
 d - a scroll of teleportation {unknown}
 g - a scroll of fog {unknown}
 h - 2 scrolls of amnesia {unknown}
 i - a scroll of enchant weapon {unknown}
 j - a scroll of silence {unknown}
Potions
 k - a potion of magic {unknown}
 l - a potion of heal wounds {unknown}


   Skills:
 + Level 6.5 Fighting
 + Level 1.0 Short Blades
 + Level 6.5 Long Blades
 + Level 1.0 Axes
 + Level 1.0 Maces & Flails
 + Level 1.0 Polearms
 + Level 1.0 Staves
 + Level 1.0 Slings
 + Level 1.0 Bows
 + Level 1.0 Crossbows
 + Level 1.0 Throwing
 + Level 1.0 Armour
 + Level 6.5 Dodging
 + Level 4.2 Stealth
 + Level 1.0 Shields
 + Level 1.0 Unarmed Combat
 + Level 1.0 Spellcasting
 + Level 0.7 Conjurations
 + Level 0.7 Hexes
 + Level 0.7 Summonings
 + Level 0.7 Necromancy
 + Level 0.7 Translocations
 + Level 0.7 Transmutations
 + Level 0.7 Fire Magic
 + Level 0.7 Ice Magic
 + Level 0.7 Air Magic
 + Level 0.7 Earth Magic
 + Level 0.7 Poison Magic
 + Level 1.1 Invocations
 + Level 1.0 Evocations


You had 5 spell levels left.
You didn't know any spells.
Your spell library was empty.

Dungeon Overview and Level Annotations

Branches:
Dungeon (3/15)

Altars:
Dithmenos
Qazlal


Innate Abilities, Weirdness & Mutations

You have very sharp teeth.
Your uncanny sense of smell can sniff out nearby items.
Your experience applies equally to all skills.


Message History

The adder is almost dead.
You feel sick. The adder bites you.
* * * LOW HITPOINT WARNING * * *
The hobgoblin barely misses you.
You riposte.
You hit the hobgoblin but do no damage. The kobold closely misses you.
The adder bites you but does no damage. The endoplasm misses you.
You closely miss the adder.
The adder is almost dead.
You feel sick. The hobgoblin closely misses you. The adder misses you.
The kobold barely misses you. The endoplasm completely misses you.
You hit the adder.
You kill the adder!
Dithmenos accepts your kill.
You feel sick.
You are no longer poisoned.
The hobgoblin hits you but does no damage.
The kobold hits you with a +0 club.
* * * LOW HITPOINT WARNING * * *
The endoplasm completely misses you.
You have reached level 4!
You feel clever.
You hit the hobgoblin.
The hobgoblin is moderately wounded.
The hobgoblin misses you. The kobold closely misses you.
You riposte.
You closely miss the kobold. The endoplasm barely misses you.
You riposte.
You hit the endoplasm.
You punch the endoplasm, but do no damage.
The endoplasm is almost dead.
You hit the hobgoblin.
The hobgoblin is almost dead.
The hobgoblin hits you.
* * * LOW HITPOINT WARNING * * *
The kobold closely misses you. The endoplasm freezes you.
You are frozen.
* * * LOW HITPOINT WARNING * * *
You closely miss the hobgoblin.
The hobgoblin is almost dead.
The hobgoblin barely misses you. The kobold hits you with a +0 club.
You die...

..?...###.#..........
#..................>
#......###..........
####....##.............
.......##.#...........
#.#..................
#.........#..........
####.......########.#..#
..>...†@......... .#.##
...#..KgJ...##### .
....##.......# ..!
#....#...... .
#.<#.#....#. .....##.#.#
# ....... .#.# .##.....
.. .


You could see an endoplasm, a hobgoblin and a kobold.

Vanquished Creatures
  2 adders
  A gnoll (D:1)
  A worm (D:2)
  A dart slug (D:1)
  4 endoplasms (D:1)
  5 giant cockroaches
  A goblin (D:1)
  3 hobgoblins
  A quokka (D:1)
  A ball python (D:1)
  4 bats
  2 frilled lizards
  A kobold (D:1)
  A rat (D:2)
28 creatures vanquished.

Vanquished Creatures (others)
  A plant (D:1)
1 creature vanquished.

Grand Total: 29 creatures vanquished

Notes
Turn   | Place    | Note
-------+----------+-------------------------------------------
     0 | D:1      | Alarak the Gnoll Monk began the quest for the Orb.
     0 | D:1      | Reached XP level 1. HP: 23/23 MP: 1/1
    96 | D:1      | Found a faded altar of an unknown god.
   330 | D:1      | Became a worshipper of Dithmenos the Shadowed
   330 | D:1      | Reached * piety under Dithmenos
   330 | D:1      | Reached ** piety under Dithmenos
   362 | D:1      | Reached XP level 2. HP: 28/29 MP: 2/2
   541 | D:1      | Reached *** piety under Dithmenos
   960 | D:1      | Reached XP level 3. HP: 35/35 MP: 3/3
  1170 | D:2      | Reached skill level 1 in Invocations
  1278 | D:2      | Found a stormy altar of Qazlal.
  1545 | D:2      | Reached skill level 1 in Short Blades
  1545 | D:2      | Reached skill level 1 in Axes
  1545 | D:2      | Reached skill level 1 in Maces & Flails
  1545 | D:2      | Reached skill level 1 in Polearms
  1545 | D:2      | Reached skill level 1 in Staves
  1545 | D:2      | Reached skill level 1 in Slings
  1545 | D:2      | Reached skill level 1 in Bows
  1545 | D:2      | Reached skill level 1 in Crossbows
  1545 | D:2      | Reached skill level 1 in Throwing
  1545 | D:2      | Reached skill level 1 in Armour
  1545 | D:2      | Reached skill level 1 in Shields
  1545 | D:2      | Reached skill level 1 in Unarmed Combat
  1545 | D:2      | Reached skill level 1 in Spellcasting
  1545 | D:2      | Reached skill level 1 in Evocations
  1838 | D:3      | Reached XP level 4. HP: 5/41 MP: 5/5
  1839 | D:3      | HP: 2/41 [hobgoblin (3)]
  1840 | D:3      | Slain by a kobold

Illustrated notes

Levels and vault maps discovered:
D:1:      dpeg_arrival_short_road, layout_loops_ring, basic_ecumenical_altar,
          hex_tiny, st_stairs_3, minmay_statues_item, serial_bayou_crossing
D:2:      layout_basic, basic_altar, minmay_misc_feat_chi
D:3:      layout_rooms

Skill      XL: |  1  2  3 |
---------------+----------+-----
Invocations    | 1 |  1.1
Short Blades   | 1 |  1.0
Axes           | 1 |  1.0
Maces & Flails | 1 |  1.0
Polearms       | 1 |  1.0
Staves         | 1 |  1.0
Slings         | 1 |  1.0
Bows           | 1 |  1.0
Crossbows      | 1 |  1.0
Throwing       | 1 |  1.0
Armour         | 1 |  1.0
Shields        | 1 |  1.0
Unarmed Combat | 1 |  1.0
Spellcasting   | 1 |  1.0
Evocations     | 1 |  1.0
Fighting       | |  6.5
Long Blades    | |  6.5
Dodging        | |  6.5
Stealth        | |  4.2
Conjurations   | |  0.7
Hexes          | |  0.7
Summonings     | |  0.7
Necromancy     | |  0.7
Translocations | |  0.7
Transmutations | |  0.7
Fire Magic     | |  0.7
Ice Magic      | |  0.7
Air Magic      | |  0.7
Earth Magic    | |  0.7
Poison Magic   | |  0.7

Action                   |  1- 3 |  4- 6 || total
-------------------------+-------+-------++-------
Melee: Falchion          |    95 |     3 ||    98
       Bite              |    11 |       ||    11
       Punch             |       |     1 ||     1
 Stab: Sleeping          |     6 |       ||     6
Armor: Robe              |    16 |       ||    16
Dodge: Dodged            |    79 |     5 ||    84
       Rpst.: Falchion   |    24 |     2 ||    26

Table legend: (Time is in decaauts)
 A = Elapsed time spent in this place.
 B = Non-inter-level travel time spent in this place.
 C = Inter-level travel time spent in this place.
 D = Time resting spent in this place.
 E = Time spent auto-exploring this place.
 F = Levels seen in this place.
 G = Mean time per level.
                   A        B        C        D        E       F      G
               +--------+--------+--------+--------+--------+-----+--------+
         Total |   1848 |   1741 |    107 |    171 |   1342 |   3 |  616.0 |
       Dungeon |   1848 |   1741 |    107 |    171 |   1342 |   3 |  616.0 |
               +--------+--------+--------+--------+--------+-----+--------+

Top non-repeatable levels by time:
     D:1: 1071 daAuts
     D:2: 740 daAuts
     D:3: 36 daAuts
